 Dungeon Crawl Stone Soup version 0.22-a0-247-gbddf880 (webtiles) character file.

34 Amnesiac the Conjurer (level 3, 0/19 HPs)
             Began as a Tengu Air Elementalist on Feb 23, 2018.
             Succumbed to an adder's poison
             ... on level 2 of the Dungeon.
             The game lasted 00:01:35 (521 turns).

Amnesiac the Conjurer (Tengu Air Elementalist)       Turns: 521, Time: 00:01:36

Health: 0/19       AC:  2    Str: 13    XL:     3   Next: 31%
Magic:  7/7        EV: 12    Int: 16    God:
Gold:   11         SH:  0    Dex: 14    Spells: 5/6 levels left

rFire    . . .     SeeInvis .   e - +2 dagger (protect)
rCold    . . .     Gourm    .   (no shield)
rNeg     . . .     Faith    .   a - +0 robe
rPois    .         Spirit   .   (helmet restricted)
rElec    .         Reflect  .   (no cloak)
rCorr    .         Harm     .   (no gloves)
MR       .....                  (boots unavailable)
Stlth    ++........             (no amulet)
HPRegen  0.06/turn              (no ring)
MPRegen  0.10/turn              (no ring)

@: mighty, lethally poisoned (0 -> -7)
A: beak, talons 3
a: no special abilities


You were on level 2 of the Dungeon.
You were not hungry.

You visited 1 branch of the dungeon, and saw 2 of its levels.

You collected 11 gold pieces.

Inventory:

Hand Weapons
 e - a +2 dagger of protection (weapon)
Armour
 a - a +0 robe (worn)
Scrolls
 c - a scroll of amnesia {!r, unknown}
 f - 2 scrolls of teleportation {!r, unknown}
Comestibles
 b - 2 rations


   Skills:
 + Level 0.1 Fighting
 - Level 2.1 Dodging
 - Level 2.0 Stealth
 - Level 2.0 Spellcasting
 - Level 4.2 Conjurations
 - Level 4.0 Air Magic


You had 5 spell levels left.
You knew the following spells:

 Your Spells              Type           Power        Failure   Level  Hunger
a - Shock                 Conj/Air       ##..         3%          1    #......


Dungeon Overview and Level Annotations

Branches:
Dungeon (2/15)

Altars:
Okawaru

Annotations:
D:2 Robin, Terence


Innate Abilities, Weirdness & Mutations

You have a beak for a mouth.
You have claws for feet.


Message History

The kobold shouts!
The kobold throws a stone.
The stone hits you.
You see here a stone.
The kobold barely misses you.
You hit the kobold.
Your weapon exudes an aura of protection.
The kobold is severely wounded.
You closely miss the kobold.
You kill the kobold!
You have reached level 3!
Your experience leads to an increase in your attributes!
Increase (S)trength, (I)ntelligence, or (D)exterity?
You feel clever.
Things that are here:
a club; 2 stones You see here a stone.
There is an escape hatch in the floor here.
You slide downwards.
The hatch slams shut behind you.
Level annotation: Robin 3 jackals, a worm and Terence come into view.
The goblin shoots a stone.
The stone hits you.
The goblin shoots a stone.
The stone hits you.
Found a stone staircase leading down.
You see here 2 stones.
The hobgoblin shouts!
The jackal barks!
The goblin wields a hunting sling.
The goblin shoots a stone.
The stone closely misses you.
Terence moves out of view.
The goblin shoots a stone.
The stone hits you but does no damage.
You see here a stone.
The goblin shoots a stone.
The stone hits you.
* * * LOW HITPOINT WARNING * * *
You see here a stone.
The adder bites you.
* * * LOW HITPOINT WARNING * * *
You are lethally poisoned!
The adder poisons you!
The goblin shoots a stone.
The stone closely misses you. The adder bites you but does no damage.
You see here a stone.
Really quaff
d - a sedimented white potion {!q}?
It was a potion of might {!q}.
You feel very mighty all of a sudden.
* * * LOW HITPOINT WARNING * * *
You feel sick. The adder bites you but does no damage.
* * * LOW HITPOINT WARNING * * *
You feel sick.
You puncture the adder!
Your weapon exudes an aura of protection.
You kill the adder!
Training target 4.0 for Conjurations reached!
Your Conjurations skill increases to level 4!
You need to enable at least one skill for training.
The jackal closely misses you. The hobgoblin hits you with a club.
* * * LOW HITPOINT WARNING * * *
The goblin shoots a stone.
The stone barely misses you.
The jackal bites you but does no damage.
You barely miss the hobgoblin.
The goblin shoots a stone.
The stone hits you but does no damage.
The jackal bites you but does no damage.
The goblin shoots a stone.
The stone closely misses you. The hobgoblin barely misses you.
You barely miss the jackal.
The jackal barks!
You kill the jackal!
You die...

####### ....hh.
....... ##########
....... #.@.>.....
.......###(†g......
...w....h(@........
........(#.g.g.....
.......(.%...g.....
........##g........
##.................
........##.........
....##...#l.g......


You could see Terence, a jackal, 2 hobgoblins and 3 goblins.

Vanquished Creatures
  An adder (D:2)
  2 dart slugs
  A leopard gecko (D:2)
  2 bats (D:1)
  A giant cockroach (D:2)
  3 goblins
  2 hobgoblins
  A jackal (D:2)
  A frilled lizard (D:1)
  6 kobolds
  A rat (D:2)
21 creatures vanquished.

Notes
Turn   | Place    | Note
-------+----------+-------------------------------------------
     0 | D:1      | Amnesiac the Tengu Air Elementalist began the quest for the Orb.
     0 | D:1      | Reached XP level 1. HP: 10/10 MP: 4/4
   156 | D:1      | Reached XP level 2. HP: 11/15 MP: 1/6
   318 | D:2      | Found an iron altar of Okawaru.
   325 | D:2      | Noticed Robin
   502 | D:1      | Reached XP level 3. HP: 17/19 MP: 7/7
   513 | D:2      | Noticed Terence
   521 | D:2      | Succumbed to an adder's poison

Vault maps used:
D:1:      elethiomel_arrival_infinity_welcomes_careful_drivers
D:2:      lemuel_crystal_altar, lemuel_crystal_altar, uniq_terence, uniq_robin,
          uniq_sigmund

Skill      XL: |  1  2  3 |
---------------+----------+-----
Conjurations   | 2 3 4 |  4.2
Fighting       | |  0.1
Dodging        | |  2.1
Stealth        | |  2.0
Spellcasting   | |  2.0
Air Magic      | |  4.0

Action                   || total
-------------------------++-------
Melee: Unarmed           ||    17
       Dagger            ||    33
       Kick              ||    10
       Peck              ||     9
 Cast: Shock             ||     4
  Use: Potion            ||     1
 Stab: Sleeping          ||     2
Armor: Robe              ||    22
Dodge: Dodged            ||    39

Table legend:
 A = Spawn XP
 B = Non-spawn XP
 C = Spawn XP percentage of total XP
 D = Spawn monster count
 E = Non-spawn monster count
 F = Spawn count percentage of total count
 G = Total turns spent on level
                    A         B        C        D         E        F      G
               +---------+---------+-------+---------+---------+-------+---------
         Total |       0 |      49 |   0.0 |       0 |      21 |   0.0 |   521
               +---------+---------+-------+---------+---------+-------+---------
           D:1 |       0 |      19 |   0.0 |       0 |      12 |   0.0 |   450
           D:2 |       0 |      30 |   0.0 |       0 |       9 |   0.0 |    71
               +---------+---------+-------+---------+---------+-------+---------
